Workbook

Sheet ANÁLISIS
A2: ANÁLISIS FES V/S CAE
A4: PARÁMETROS DE MEDICIÓN
A5: MESUALIDADES ANUALES | B5: 11
A6: MENSUALIDAD | B6: 11
A7: VALOR UF | B7: 41000
A8: INGRESOS PROYECTADOS | B8: =[1]FES!$E$40 -> 4367714521
A9: INGRESO CONSOLIDADO PROMEDIO | B9: =AVERAGE('DESVIACIÓN DE CAJA'!D12:D18) -> 2.5322222e+08
A10: COBERTURA CAE PROMEDIO | B10: 0.61
A12: 1.- ANÁLISIS CAE V/FES
A13: Consideraciones:
B14: Se debe considerar que el riesgo del CAE es el pago por deserción, mientras que el FES es la Oportunidad de pago.
B15: Considerando que la misma cantidad de alumnos CAE optan al FES.
A17: ALUMNOS CAE | B17: ='RIESGO CAE'!L7 -> 103
A18: ALUMNOS FES | B18: =B17 -> 103
A21: DETALLE | B21: CLP | C21: UF | D21: % INGRESOS | E21: TIEMPO EN INGRESOS
E22: MES | F22: DIAS
A23: MONTO CAE | B23: =B17*$B$5*$B$6*$B$7*$B$10 -> 311699630 | C23: =B23/$B$7 -> 7602.43 | D23: =B23/$B$8 -> 0.07136447 | E23: =INT(B23/$B$9) -> 1 | F23: =INT(30*((B23/$B$9)-E23)) -> 6
A24: MONTO FES | B24: =$B$5*$B$6*$B$7*$B$18 -> 510983000 | C24: =B24/$B$7 -> 12463 | D24: =B24/$B$8 -> 0.11699093 | E24: =INT(B24/$B$9) -> 2 | F24: =INT(30*((B24/$B$9)-E24)) -> 0
A25: RIESGO CAE | B25: ='RIESGO CAE'!N10 -> 20836200 | C25: =B25/$B$7 -> 508.2 | D25: =B25/$B$8 -> 0.0047705041 | E25: =INT(B25/$B$9) -> 0 | F25: =INT(30*((B25/$B$9)-E25)) -> 2
A26: RIESGO FES | B26: =B24 -> 510983000 | C26: =B26/$B$7 -> 12463 | D26: =B26/$B$8 -> 0.11699093 | E26: =INT(B26/$B$9) -> 2 | F26: =INT(30*((B26/$B$9)-E26)) -> 0
A29: 2.- ANÁLISIS CAPACIDAD FES
A30: Consideraciones:
B31: Se debe considerar que el riesgo del CAE es el pago por deserción, mientras que el FES es la Oportunidad de pago.
A34: CATEGORRÁ ALUMNO | B34: CANTIDAD | C34: RIESGO TOLERABLE
A35: ALUMNOS CAE | B35: ='RIESGO CAE'!D18 -> 166.02019 | C35: ='RIESGO CAE'!E18 -> 43677145 | D35: =C35/$B$8 -> 0.01
A36: ALUMNOS FES | B36: =C36/(B5*B6*B7) -> 8.804101 | C36: =C35 -> 43677145 | D36: =D35 -> 0.01
A38: DETALLE | B38: CLP | C38: UF | D38: % INGRESOS | E38: TIEMPO EN INGRESOS
E39: MES | F39: DIAS
A40: MONTO CAE | B40: =B35*$B$5*$B$6*$B$7*$B$10 -> 5.0241196e+08 | C40: =B40/$B$7 -> 12253.95 | D40: =B40/$B$8 -> 0.11502857 | E40: =INT(B40/$B$9) -> 1 | F40: =INT(30*((B40/$B$9)-E40)) -> 29
A41: MONTO FES | B41: =$B$5*$B$6*$B$7*$B$36 -> 43677145 | C41: =B41/$B$7 -> 1065.2962 | D41: =B41/$B$8 -> 0.01 | E41: =INT(B41/$B$9) -> 0 | F41: =INT(30*((B41/$B$9)-E41)) -> 5
A42: RIESGO CAE | B42: =C35 -> 43677145 | C42: =B42/$B$7 -> 1065.2962 | D42: =B42/$B$8 -> 0.01 | E42: =INT(B42/$B$9) -> 0 | F42: =INT(30*((B42/$B$9)-E42)) -> 5
A43: RIESGO FES | B43: =B41 -> 43677145 | C43: =B43/$B$7 -> 1065.2962 | D43: =B43/$B$8 -> 0.01 | E43: =INT(B43/$B$9) -> 0 | F43: =INT(30*((B43/$B$9)-E43)) -> 5
A47: 3.- CONCLUSIONES
A48: 3.1.- | B48: El riesgo que presenta el FES, equivale a casi dos meses de ingresos de la Escuela Naval, significando dificultades en su operación. Se requieriría de una caja base de 500 MM, sin disponibilidad de inversión para poder optar a la alternativa de financiamiento en comento.
A49: 3.2.- | B49: El riesgo presentado en el CAE podría tener una tolerancia de hasta el 1% de los ingresos podría ser aceptable, en atención a que dicho monto resulta considerable para efectuar recuperación de infraestructura.
A50: 3.3.- | B50: El riesgo que presenta el FES, equivale a casi dos meses de ingresos de la Escuela Naval, significando dificultades en su operación. Se requieriría de una caja base de 500 MM, sin disponibilidad de inversión para poder optar a la alternativa de financiamiento en comento.
A51: 3.4.- | B51: Si bien la máxima tolerancia de CAE implica un esfuerzo en la planificación de las adquisiciones y pagos respecto a la desviación de caja, dado su oportunidad de pago sigue siendo aceptable.

Sheet DESVIACIÓN DE CAJA
A3: DESVIACIÓN DE CAJA PRESUPUESTARIA (AGOSTO)
A5: AÑO | B5: 2025
A6: CENFIN | B6: CONSOLIDADO
A7: SALDO INICIAL CAJA | B7: 538994817
A8: CAJA
A9: MES | B9: INGRESO LINEAL PROYECTADO | C9: INGRESO REAL DE CAJA COMPROMETIDO | D9: INGRESO EFECTIVO DE CAJA | E9: DESVIACIÓN DE CAJA REAL | F9: DESVIACIÓN DE CAJA MENSUAL | G9: DESVIACIÓN DE CAJA ACUMULADA
A10: SALDO INICIAL CAJA | B10: 538994817 | C10: 538994817 | D10: 538994817 | E10: 0 | F10: 0 | G10: 0
A11: ENERO | B11: 7.0200595e+08 | C11: 683169390 | D11: 831978651 | E11: 148809261 | F11: 0.21782191 | G11: 0.21782191
A12: FEBRERO | B12: 299237761 | C12: 286713376 | D12: 276679738 | E12: -10033638 | F12: -0.034995361 | G12: 0.18282655
A13: MARZO | B13: 297976014 | C13: 279689694 | D13: 283422089 | E13: 3732395 | F13: 0.013344771 | G13: -0.021650589
A14: ABRIL | B14: 3.0238958e+08 | C14: 310886399 | D14: 284230867 | E14: -26655532 | F14: -0.085740425 | G14: -0.072395654
A15: MAYO | B15: 3.0015507e+08 | C15: 296979844 | D15: 236326837 | E15: -60653007 | F15: -0.20423274 | G15: -0.28997316
A16: JUNIO | B16: 2.9786497e+08 | C16: 283656868 | D16: 239519295 | E16: -44137573 | F16: -0.15560199 | G16: -0.35983473
A17: JULIO | B17: 2.9557496e+08 | C17: 284702247 | D17: 239174685 | E17: -45527562 | F17: -0.1599129 | G17: -0.31551489
A18: AGOSTO | B18: 2.9317251e+08 | C18: 287575055 | D18: 213202021 | E18: -74373034 | F18: -0.2586213 | G18: -0.4185342
A19: SEPTIEMBRE | B19: 2.9101258e+08 | C19: 261291834 | D19: 0 | E19: 0 | F19: 0 | G19: -0.2586213
A20: OCTUBRE | B20: 2.8201879e+08 | C20: 261291834 | D20: 0 | E20: 0 | F20: 0 | G20: 0
A21: NOVIEMBRE | B21: 260826856 | C21: 261291834 | D21: 0 | E21: 0 | F21: 0 | G21: 0
... A23: TOTALES | B23: 4.4125791e+09 | C23: 4297535026 | D23: 3143529000 | E23: -108838690 | F23: -0.025325841 | G23: -1.3358761
A24: PRESUPUESTO VIGENTE | B24: 4475775855 | C24: 4475775855 | D24: ( + ) SEGUROS POR COBRAR | E24: 81968237
A25: ADMINOGASTO 10 | B25: 276765629 | C25: 276765629 | D25: ( + ) BECAS POR COBRAR | E25: 1.8681964e+08
A26: PRESUPUESTO DISTRIBUIDO | B26: 4199010226 | C26: 4199010226 | D26: SUBEJECUCIÓN POR INGRESOS | E26: 98524800
A27: DIFERENCIA | B27: 2.135689e+08 | C27: 98524800 | D27: ( = ) DESVIACIÓN TOTAL | E27: 2.5847399e+08

Sheet RIESGO CAE
B4: PERÍODO: AÑOS 2016 - 2025
B5: Valor Arancel UF | C5: 11 | N5: Pagos porcentuales
B6: Detalle | C6: 2016 | D6: 2017 | E6: 2018 | F6: 2019 | G6: 2020 | H6: 2021 | I6: 2022 | J6: 2023 | K6: 2024 | L6: 2025 | M6: TOTALES | N6: Año Cursado | O6: Escuela | P6: Estado | Q6: Banco
B7: Cadetes con crédito (CAE) | C7: 40 | D7: 64 | E7: 82 | F7: 90 | G7: 90 | H7: 92 | I7: 78 | J7: 73 | K7: 80 | L7: 103 | M7: =SUM(C7:L7) -> 792 | N7: 1 | O7: 0.9 | P7: 0 | Q7: 0.1
B8: Desertores | C8: 1 | D8: 0 | E8: 1 | F8: 1 | G8: 1 | H8: 0 | I8: 1 | J8: 1 | K8: 0 | L8: 0 | M8: =SUM(C8:L8) -> 6 | N8: 2 | O8: 0.7 | P8: 0.2 | Q8: 0.1
B9: Años cursados | C9: 1 | D9: 0 | E9: 3 | F9: 1 | G9: 3 | H9: 0 | I9: 3 | J9: 3 | K9: 0 | L9: 0 | N9: 3 | O9: 0.6 | P9: 0.3 | Q9: 0.1
B10: Valor a pagar Escuela UF | C10: =IF(C9=$N$7,$O$7*$C$5*11,IF(C9=$N$8,$O$8*$C$5*11,IF(C9=$N$9,$O$9*$C$5*11,0))) -> 108.9 | D10: =IF(D9=$N$7,$O$7*$C$5*11,IF(D9=$N$8,$O$8*$C$5*11,IF(D9=$N$9,$O$9*$C$5*11,0))) -> 0 | E10: =IF(E9=$N$7,$O$7*$C$5*11,IF(E9=$N$8,$O$8*$C$5*11,IF(E9=$N$9,$O$9*$C$5*11,0))) -> 72.6 | F10: =IF(F9=$N$7,$O$7*$C$5*11,IF(F9=$N$8,$O$8*$C$5*11,IF(F9=$N$9,$O$9*$C$5*11,0))) -> 108.9 | G10: =IF(G9=$N$7,$O$7*$C$5*11,IF(G9=$N$8,$O$8*$C$5*11,IF(G9=$N$9,$O$9*$C$5*11,0))) -> 72.6 | H10: =IF(H9=$N$7,$O$7*$C$5*11,IF(H9=$N$8,$O$8*$C$5*11,IF(H9=$N$9,$O$9*$C$5*11,0))) -> 0 | I10: =IF(I9=$N$7,$O$7*$C$5*11,IF(I9=$N$8,$O$8*$C$5*11,IF(I9=$N$9,$O$9*$C$5*11,0))) -> 72.6 | J10: =IF(J9=$N$7,$O$7*$C$5*11,IF(J9=$N$8,$O$8*$C$5*11,IF(J9=$N$9,$O$9*$C$5*11,0))) -> 72.6 | ... L10: =IF(L9=$N$7,$O$7*$C$5*11,IF(L9=$N$8,$O$8*$C$5*11,IF(L9=$N$9,$O$9*$C$5*11,0))) -> 0 | M10: =SUM(C10:L10) -> 508.2 | N10: =M10*C20 -> 20836200
B11: % de ingresos UF | C11: =C10/$C$22 -> 0.0010222509 | D11: =D10/$C$22 -> 0 | E11: =E10/$C$22 -> 0.00068150058 | F11: =F10/$C$22 -> 0.0010222509 | G11: =G10/$C$22 -> 0.00068150058 | H11: =H10/$C$22 -> 0 | I11: =I10/$C$22 -> 0.00068150058 | J11: =J10/$C$22 -> 0.00068150058 | ... M11: =M10/$C$22 -> 0.0047705041
B13: Detalle | D13: UF | E13: % Ingresos UF
B14: Deuda superior a 3 meses | C14: 63000000 | D14: =C14/$C$20 -> 1536.5854 | E14: =D14/$C$22 -> 0.01442402
B15: Deuda de arrastre hasta ene 2025 | C15: 42000000 | D15: =C15/$C$20 -> 1024.3902 | E15: =D15/$C$22 -> 0.0096160131
B16: Totales | C16: =SUM(C14:C15) -> 105000000 | D16: =C16/$C$20 -> 2560.9756 | E16: =D16/$C$22 -> 0.024040033
C17: PROEMDIO CAE 2016-2025 | D17: =AVERAGE(C7:L7) -> 79.2 | E17: =N10 -> 20836200 | F17: =E17/$C$21 -> 0.0047705041
C18: TOTAL TOLERANCIA CAE | D18: =E18/(E17/D17) -> 166.02019 | E18: =ANÁLISIS!B8*0.01 -> 43677145 | F18: =E18/$C$21 -> 0.01
B20: Valor UF | C20: 41000
B21: ingresos Poryectados $CLP | C21: =ANÁLISIS!B8 -> 4367714521
B22: ingresos Poryectados UF | C22: =C21/C20 -> 106529.62
